 Dungeon Crawl Stone Soup version 0.31-a0-198-g2ad674f65e (webtiles) character file.

Game seed: 9041254546907022781

391 lessens the Chopper (level 7, -1/52 HPs)
             Began as a Human Monk on June 26, 2023.
             Slain by an ice beast (12 damage)
             ... on level 5 of the Dungeon.
             The game lasted 00:04:08 (3539 turns).

lessens the Chopper (Human Monk)                    Turns: 3539, Time: 00:04:08

Health: -1/52      AC:  8    Str: 13    XL:     7   Next: 8%
Magic:  7/7        EV: 11    Int: 11    God:
Gold:   66         SH:  0    Dex: 15    Spells: 6/6 levels left

rFire   . . .        a - +0 hand axe
rCold   . . .        d - orb {light}
rNeg    . . .        s - +1 ring mail {rPois}
rPois   +            (no helmet)
rElec   .            (no cloak)
rCorr   .            e - +1 pair of gloves
SInv    .            (no boots)
Will    .....        q - amulet of the acrobat
Stlth   +            (no ring)
HPRegen 0.28/turn    (no ring)
MPRegen 0.10/turn

%: acrobat
@: glowing
A: no striking features
a: no special abilities


You were on level 5 of the Dungeon.
You visited 1 branch of the dungeon, and saw 5 of its levels.

You collected 192 gold pieces.
You spent 126 gold pieces at shops.

Inventory:

Hand Weapons
 a - a +0 hand axe (weapon)
Missiles
 f - 19 stones
 g - 5 boomerangs
 i - 3 silver boomerangs
 j - 4 poisoned darts
 p - 4 curare-tipped darts
Armour
 b - a +0 robe
 d - an orb of light (worn)
 e - a +1 pair of gloves (worn)
 s - a +1 ring mail of poison resistance (worn)
Jewellery
 q - an amulet of the acrobat (around neck)
Wands
 n - a wand of light (8)
Scrolls
 k - 4 scrolls of identify {unknown}
 m - a scroll of enchant armour {unknown}
 t - 2 scrolls of teleportation
 v - 2 scrolls of amnesia {unknown}
 x - a scroll of torment {unknown}
 y - 2 scrolls of blinking
 A - a scroll of noise {unknown}
 B - a scroll of vulnerability {unknown}
 D - a scroll of fog {unknown}
Potions
 c - a potion of ambrosia
 h - 4 potions of curing {unknown}
 l - a potion of heal wounds {unknown}
 o - a potion of berserk rage {unknown}
 r - a potion of attraction {unknown}
 u - 2 potions of haste {unknown}
 w - 3 potions of might {unknown}
 z - a potion of brilliance {unknown}
 C - a potion of enlightenment {unknown}


   Skills:
 - Level 3.0 Fighting
 + Level 7.4 Axes
 - Level 3.0 Dodging


You had 6 spell levels left.
You didn't know any spells.
Your spell library was empty.

Dungeon Overview and Level Annotations

Branches:
Dungeon (5/15) Zot: 26426
 Temple: D:4-7

Altars:
Gozag

Shops:
D:2 [   D:4 ?

Annotations:
D:4 3 runed translucent doors, AwFulAwFulPlayer's ghost, novice OpMo


Message History

The ice beast hits you but does no damage.
You barely miss the ice beast.
The ice beast is moderately wounded.
The ice beast hits you. The ice beast freezes you!
You hit the ice beast.
The ice beast is moderately wounded.
The ice beast hits you but does no damage.
You hit the ice beast.
The ice beast is heavily wounded.
The ice beast misses you.
You hit the ice beast but do no damage.
The ice beast is heavily wounded.
The ice beast hits you but does no damage.
You barely miss the ice beast.
The ice beast is heavily wounded.
The ice beast hits you. The ice beast freezes you!
You barely miss the ice beast.
The ice beast is heavily wounded.
The ice beast hits you but does no damage.
You hit the ice beast but do no damage.
The ice beast is heavily wounded.
The ice beast misses you.
You hit the ice beast.
The ice beast is severely wounded.
You hit the ice beast but do no damage.
The ice beast is severely wounded.
The ice beast hits you. The ice beast freezes you!
* * * LOW HITPOINT WARNING * * *
You are too injured to fight recklessly!
You are too injured to fight recklessly!
You are too injured to fight recklessly!
You hit the ice beast.
The ice beast is severely wounded.
The ice beast hits you but does no damage.
You barely miss the ice beast.
The ice beast is severely wounded.
The ice beast hits you.
* * * LOW HITPOINT WARNING * * *
The ice beast freezes you!
You die...

#.. #...# #..##...
#..##.. # #..##.#
.# . #..##.###..##
.. #............
...###............
...
..........@Y...>..
#.#
...##...##+###..##
#.#.# ...........#
#.#.# #####...####
..# #.#.#
#####...#### #..#
#.#.# #..........#
#..# #.#.#
##..........# #..#
#.#.#
............#
#..####.#.####
............#
#.............


You could see an ice beast.

Vanquished Creatures
  A phantom (D:5)
  A howler monkey (D:4)
  A hound (D:5)
  2 orc priests (D:5)
  2 iguanas (D:4)
  5 adders
  A worm (D:4)
  2 dart slugs (D:1)
  6 orcs
  4 endoplasms
  5 giant cockroaches
  10 hobgoblins
  4 jackals (D:4)
  4 quokkas
  8 ball pythons
  4 bats
  2 frilled lizards (D:3)
  12 goblins
  7 kobolds
  3 rats
84 creatures vanquished.

Notes
Turn   | Place    | Note
-------+----------+-------------------------------------------
     0 | D:1      | lessens the Human Monk began the quest for the Orb.
     0 | D:1      | Reached XP level 1. HP: 18/18 MP: 1/1
    84 | D:1      | Reached XP level 2. HP: 24/24 MP: 2/2
   481 | D:1      | Reached skill level 4 in Axes
   481 | D:1      | Reached XP level 3. HP: 23/29 MP: 3/3
  1040 | D:2      | Found a faded altar of an unknown god.
  1099 | D:2      | Found Teagg's Antique Armour Shop.
  1149 | D:2      | Reached XP level 4. HP: 33/35 MP: 4/4
  1195 | D:2      | Found an opulent altar of Gozag.
  1382 | D:2      | Reached skill level 5 in Axes
  1834 | D:3      | Reached XP level 5. HP: 41/41 MP: 5/5
  2364 | D:4      | Noticed AwFulAwFulPlayer's ghost (novice OpMo)
  2368 | D:4      | Noticed a yak
  2601 | D:4      | Found a runed translucent gate.
  2603 | D:4      | Found a runed translucent gate.
  2604 | D:4      | Found a runed translucent gate.
  2928 | D:4      | Found The Oracle's Delphic Readings.
  2943 | D:4      | Reached skill level 6 in Axes
  2943 | D:4      | Reached XP level 6. HP: 36/47 MP: 6/6
  3047 | D:4      | Bought a scroll of blinking for 90 gold pieces
  3047 | D:4      | Bought a scroll of teleportation for 36 gold pieces
  3181 | D:5      | Entered Level 5 of the Dungeon
  3441 | D:5      | Reached skill level 7 in Axes
  3451 | D:5      | Reached XP level 7. HP: 51/52 MP: 7/7
  3539 | D:5      | Slain by an ice beast

Illustrated notes

Levels and vault maps discovered:
D:1:      minmay_arrival_semitransparent, layout_basic, serial_corexii_hall,
          chequers_hall_statues_y, corexii_hall_statues_deadend, st_stairs_3,
          supply_closet_lemuel, serial_bayou_lake_a
D:2:      layout_rooms, serial_shops, nicolae_shop_tiny_waterfront,
          basic_ecumenical_altar, basic_altar, skrybe_limestone_x,
          feat_on_display
D:3:      layout_loops_cross, nrook_uturn, minmay_misc_feat_tower
D:4:      layout_loops_cross, gammafunk_ghost_split, nicolae_nh_oracle_at_delphi
D:5:      layout_basic, uniq_edmund

Skill      XL: |  1  2  3  4  5  6 |
---------------+-------------------+-----
Axes           | 4 5 6 7 |  7.4
Fighting       | |  3.0
Dodging        | |  3.0

Action                     |  1- 3 |  4- 6 |  7- 9 || total
---------------------------+-------+-------+-------++-------
  Melee: Hand axe          |    89 |   192 |    16 ||   297
 Armour: Robe              |    24 |    13 |       ||    37
         Ring mail         |       |    38 |     6 ||    44
  Dodge: Dodged            |    55 |   110 |     6 ||   171

Table legend: (Time is in decaauts)
 A = Elapsed time spent in this place.
 B = Non-inter-level travel time spent in this place.
 C = Inter-level travel time spent in this place.
 D = Time resting spent in this place.
 E = Time spent auto-exploring this place.
 F = Levels seen in this place.
 G = Mean time per level.
                   A        B        C        D        E       F      G
               +--------+--------+--------+--------+--------+-----+--------+
         Total |   3573 |   3451 |    122 |    137 |   2729 |   5 |  714.6 |
       Dungeon |   3573 |   3451 |    122 |    137 |   2729 |   5 |  714.6 |
               +--------+--------+--------+--------+--------+-----+--------+

Top non-repeatable levels by time:
     D:1: 1062 daAuts
     D:4: 972 daAuts
     D:3: 769 daAuts
     D:2: 563 daAuts
     D:5: 204 daAuts

Levels and vault maps discovered:
D:1:      minmay_arrival_semitransparent, layout_basic, serial_corexii_hall,
          chequers_hall_statues_y, corexii_hall_statues_deadend, st_stairs_3,
          supply_closet_lemuel, serial_bayou_lake_a
D:2:      layout_rooms, serial_shops, nicolae_shop_tiny_waterfront,
          basic_ecumenical_altar, basic_altar, skrybe_limestone_x,
          feat_on_display
D:3:      layout_loops_cross, nrook_uturn, minmay_misc_feat_tower
D:4:      layout_loops_cross, gammafunk_ghost_split, nicolae_nh_oracle_at_delphi
D:5:      layout_basic, uniq_edmund
